 Dungeon Crawl Stone Soup version 0.24.0-13-gcf9b3192b9 (webtiles) character file.

Game seed: 9883390499807653137, levelgen mode: deterministic

1717 Kobob the Ruffian (level 8, 0/78 HPs)
             Began as a Troll Fighter on Nov 7, 2019.
             Was an Initiate of Okawaru.
             Slain by a gnoll
             ... wielding a +0 spear
              (5 damage)
             ... on level 6 of the Dungeon.
             The game lasted 00:29:45 (5096 turns).

Kobob the Ruffian (Troll Fighter)                   Turns: 5096, Time: 00:29:46

Health: 0/78       AC:  6    Str: 35    XL:     8   Next: 74%
Magic:  0/7        EV: 10    Int:  4    God:    Okawaru [......]
Gold:   296        SH: 10    Dex:  9    Spells: 7/7 levels left

rFire    + . .     SeeInvis +   u - +1 whip of Pyromania {flame, rF+ rC- Str+8 SInv}
rCold    x . .     Gourm    +   b - +0 shield
rNeg     . . .     Faith    .   a - +0 robe
rPois    .         Spirit   +   (helmet restricted)
rElec    .         Reflect  .   f - scarf {Spirit}
rCorr    .         Harm     .   (gloves unavailable)
MR       +....                  (boots unavailable)
Stlth    +.........             (no amulet)
HPRegen  0.63/turn              s - ring of protection from magic
MPRegen  0.10/turn              (no ring)

@: no status effects
A: large, unfitting armour, claws 3, fast metabolism 3, gourmand, regeneration
1, shaggy fur 1, tough skin 3
a: Renounce Religion


You were on level 6 of the Dungeon.
You worshipped Okawaru.
Okawaru was noncommittal.
You were very full.

You visited 2 branches of the dungeon, and saw 7 of its levels.

You collected 296 gold pieces.

Inventory:

Hand Weapons
 q - a +1 whip of draining
 u - the +1 whip of Pyromania (weapon) {flame, rF+ rC- Str+8 SInv}
   (You found it on level 6 of the Dungeon)

   It has been specially enchanted to burn those struck by it, causing extra
   injury to most foes and up to half again as much damage against particularly
   susceptible opponents.
   It affects your strength (+8).
   It protects you from fire.
   It makes you vulnerable to cold.
   It lets you see invisible.
Armour
 a - a +0 robe (worn)
 b - a +0 shield (worn)
 f - a scarf of spirit shield (worn)
Jewellery
 s - a ring of protection from magic (left claw)
 t - an uncursed ring of ice
Wands
 o - a wand of acid (9)
Scrolls
 k - a scroll of random uselessness {unknown}
 n - 3 scrolls of magic mapping
 p - a scroll of teleportation
 r - a scroll of immolation {unknown}
 v - a scroll of blinking
 w - a scroll of identify
Potions
 c - 3 potions of might
 e - a potion of heal wounds
 g - 4 potions of curing
 h - 3 potions of agility
 i - a potion of resistance
 j - a potion of berserk rage
 m - 2 potions of invisibility
 x - a potion of brilliance {unknown}
Comestibles
 d - 9 rations


   Skills:
 * Level 4.3 Fighting
 * Level 1.2 Maces & Flails
 * Level 3.1 Armour
 + Level 4.6 Dodging
 - Level 4.4 Shields
 - Level 6.9 Unarmed Combat


You had 7 spell levels left.
You didn't know any spells.
Your spell library contained the following spells:

 Spells                   Type           Power        Failure   Level  Hunger
 Animate Skeleton         Necr           N/A          83%         1    ##.....
 Apportation              Tloc           #.....       83%         1    ##.....
 Confusing Touch          Hex            #.....       83%         1    ##.....
 Summon Small Mammal      Summ           #...         83%         1    ##.....


Dungeon Overview and Level Annotations

Branches:
Dungeon (6/15)             Temple (1/1) D:6

Altars:
Ashenzari
Cheibriados
Dithmenos
Elyvilon
Fedhas
Gozag
Hepliaklqana
Kikubaaqudgha
Makhleb
Nemelex Xobeh
Okawaru
Qazlal
Ru
Sif Muna
Trog
Uskayaw
Vehumet
Wu Jian
Xom
Yredelemnul
Zin
The Shining One

Annotations:
D:3 2 transporters, tonywhite87's ghost, amateur TeCj


Innate Abilities, Weirdness & Mutations

You are too large for most types of armour.
You have claws for hands.
Your metabolism is lightning-fast.
You like to eat raw meat.
Your natural rate of healing is unusually fast.
You are covered in fur. (AC +1)
You have extremely tough skin. (AC +3)


Message History

You become entangled in the net!
You tear a large gash into the net.
The gnoll hits you with a +0 club.
* * * LOW HITPOINT WARNING * * *
You struggle against the net.
The gnoll hits you from afar with a +0 spear.
* * * LOW HITPOINT WARNING * * *
The gnoll hits you with a +0 club.
* * * LOW HITPOINT WARNING * * *
The gnoll hits you but does no damage.
You struggle against the net.
The gnoll hits you with a +0 club!
* * * LOW HITPOINT WARNING * * *
The gnoll hits you but does no damage.
You rip the net and break free!
The gnoll closely misses you. You block the gnoll's attack.
The gnoll barely misses you. You block the gnoll's attack.
You barely miss the gnoll. You block the gnoll's attack.
The gnoll hits you with a +0 club!
* * * LOW HITPOINT WARNING * * *
The gnoll hits you from afar with a +0 spear.
You die...

#####...#######...#.........
.............##.#......#...
..................#.##......
.............####.#.# #....
.##.#....##### #..#.# ...
.##.#....# #.##.. ##
###.#....# #.#### #.#....#
#.##### #.#....## #@##..
#.......# #g##.# # #.##.##.#
#g##g#####.# ###.#..##.#
#g(.gg...... '....#.##.#
####(#####.#
###.#)###.####### #.#
###.............# #..
....#......).##.# ####
###.#####.##.##.###


You could see 3 gnolls.

Vanquished Creatures
  Pikel (D:5)
  Menkaure (D:5)
  An ice beast (D:5)
  2 ogres
  A phantom (D:5)
  A centaur (D:5)
  A bullfrog (D:6)
  A howler monkey (D:4)
  A crimson imp (D:5)
  A gnoll shaman (D:6)
  2 orc priests (D:4)
  4 orc wizards
  Natasha (twice) (D:1)
  2 iguanas
  A worker ant (D:5)
  3 hound skeletons (D:4)
  Robin (D:2)
  2 gnolls (D:6)
  5 adders
  A shadow imp (D:6)
  2 oozes
  An adder skeleton (D:4)
  2 worms (D:2)
  3 dart slugs
  2 leopard geckos
  5 orcs
  10 bats
  6 giant cockroaches
  17 goblins
  6 hobgoblins
  4 jackals
  2 quokkas (D:2)
  5 frilled lizards
  A jackal skeleton (D:4)
  10 kobolds
  7 rats
117 creatures vanquished.

Notes
Turn   | Place    | Note
-------+----------+-------------------------------------------
     0 | D:1      | Kobob the Troll Fighter began the quest for the Orb.
     0 | D:1      | Reached XP level 1. HP: 22/22 MP: 0/0
   214 | D:1      | Reached XP level 2. HP: 28/29 MP: 1/1
   891 | D:2      | Noticed Natasha
   892 | D:2      | Noticed Robin
   893 | D:2      | Reached XP level 3. HP: 35/36 MP: 2/2
  1064 | D:1      | Killed Natasha
  1111 | D:1      | Noticed Natasha
  1119 | D:1      | Killed Natasha
  1119 | D:1      | Reached skill level 3 in Unarmed Combat
  1119 | D:1      | Reached XP level 4. HP: 35/44 MP: 3/3
  1149 | D:2      | Killed Robin
  1990 | D:2      | Found a hazy altar of Hepliaklqana.
  1996 | D:2      | Found a blossoming altar of Fedhas.
  2083 | D:3      | Found a shadowy altar of Dithmenos.
  2117 | D:3      | Reached XP level 5. HP: 48/52 MP: 4/4
  2216 | D:3      | Found a transporter.
  2354 | D:3      | Noticed tonywhite87's ghost (amateur TeCj)
  2355 | D:3      | Identified the +3 dire flail of the Middle {crush, Int+6
                  | Dex+4}
  2355 | D:3      | Noticed an ogre
  2356 | D:3      | Noticed an ogre
  2421 | D:3      | Found an iron altar of Okawaru.
  2463 | D:3      | Found a transporter.
  2681 | D:4      | Reached skill level 4 in Unarmed Combat
  2783 | D:4      | Reached XP level 6. HP: 57/59 MP: 3/5
  3142 | D:4      | Reached skill level 1 in Armour
  3142 | D:4      | Reached skill level 5 in Unarmed Combat
  3142 | D:4      | Reached XP level 7. HP: 54/67 MP: 4/6
  3315 | D:4      | Found a hide-covered altar of Uskayaw.
  3418 | D:5      | Entered Level 5 of the Dungeon
  3730 | D:5      | Noticed Pikel
  3743 | D:5      | Killed Pikel
  3743 | D:5      | Reached skill level 6 in Unarmed Combat
  3743 | D:5      | Reached XP level 8. HP: 34/78 MP: 3/7
  3746 | D:5      | Found a basalt altar of Yredelemnul.
  3842 | D:5      | Found a shattered altar of Ashenzari.
  3976 | D:5      | Noticed Menkaure
  3980 | D:5      | Killed Menkaure
  4005 | D:5      | Found a shimmering altar of Xom.
  4334 | D:6      | Got a crystal whip
  4347 | D:6      | Identified the +1 whip of Pyromania {flame, rF+ rC- Str+8
                  | SInv} (You found it on level 6 of the Dungeon)
  4382 | D:6      | Reached skill level 1 in Maces & Flails
  4492 | D:6      | Found a staircase to the Ecumenical Temple.
  4562 | Temple   | Entered the Ecumenical Temple
  4926 | D:3      | Became a worshipper of Warmaster Okawaru
  5096 | D:6      | Slain by a gnoll

Levels and vault maps discovered:
D:1:      dpeg_arrival_central, layout_basic, minmay_misc_feat_hallway,
          hex_medium, minmay_heptomino_w4
D:2:      layout_basic, minitemple, uniq_robin, uniq_natasha
D:3:      layout_basic, nicolae_overflow_hidden_temple,
          grunt_dithmenos_smoke_and_mirrors, gammafunk_ghost_smash
D:4:      layout_cave_pools, kennysheep_mini_moat, serial_bayou,
          serial_bayou_shore_b, serial_bayou_crossing, serial_bayou_pond_c,
          serial_bayou_pond_a, first_ration, chequers_serial_rivers_small_a
D:5:      layout_layer_cave, tgw_xom, grunt_temple_overflow_open, uniq_menkaure,
          uniq_pikel
D:6:      layout_loops_cross, minmay_temple_entry_enclosed_plants
Temple:   minmay_temple_curvy_branch

Skill      XL: |  1  2  3  4  5  6  7  8 |
---------------+-------------------------+-----
Shields        | 3 4 |  4.4
Unarmed Combat | 3 4 5 6 |  6.9
Dodging        | 3 4 |  4.6
Fighting       | 3 4 |  4.3
Armour         | 1 2 3 |  3.1
Maces & Flails | 1 |  1.2

Action                   |  1- 3 |  4- 6 |  7- 9 || total
-------------------------+-------+-------+-------++-------
Melee: Unarmed           |   127 |   173 |    86 ||   386
       Whip              |       |       |    60 ||    60
Throw: Javelin           |       |     7 |    10 ||    17
  Use: Scroll            |       |     8 |     8 ||    16
 Stab: Sleeping          |       |     1 |       ||     1
  Eat: Chunk             |    16 |    19 |    16 ||    51
Armor: Robe              |    37 |    49 |    32 ||   118
Dodge: Dodged            |    32 |    42 |    55 ||   129
Block: Shield            |    54 |    72 |    82 ||   208
